 Dungeon Crawl Stone Soup version 0.30-a0-772-g5528072125 (webtiles) character file.

Game seed: 14981752362797470168

19633 Leeroy the Carver (level 12, -3/67 HPs)
             Began as a Vine Stalker Warper on Feb 12, 2023.
             Was a High Priest of Wu Jian.
             Slain by a quicksilver ooze (7 damage)
             ... in an ice cave.
             The game lasted 00:27:03 (12603 turns).

Leeroy the Carver (Vine Stalker Warper)            Turns: 12603, Time: 00:27:04

Health: -3/67      AC: 33    Str: 15    XL:     12   Next: 71%
Magic:  0/23       EV:  6    Int: 13    God:    Wu Jian [*****.]
Gold:   1940       SH:  5    Dex: 18    Spells: 8/25 levels left

rFire   . . .      SeeInvis +    L - +1 long sword (heavy)
rCold   + . .      Faith    .    (no shield)
rNeg    + . .      Spirit   +    P - +15 Maxwell's patent armour {-Cast -Tele rElec Will+ rCorr}
rPois   .          Reflect  +    G - +0 helmet {SInv}
rElec   +          Harm     .    D - scarf {shadows}
rCorr   +          Rampage  .    Y - +1 pair of gloves
Will    ++...      NoTele   +    w - +0 pair of boots Stlth NoCast +
                                 u - amulet of reflection
HPRegen 1.11/turn                v - ring of protection from cold
MPRegen 0.18/turn                F - ring of positive energy

@: engulfed (cannot breathe), hasted, very quick
A: fangs 3, regeneration 1, magic shield, antimagic bite, no potion heal 2
a: Renounce Religion, Wall Jump, Serpent's Lash, Heavenly Storm


You were in an ice cave.
You worshipped Wu Jian.
Wu Jian was extremely pleased with you.
You visited 1 branch of the dungeon, and saw 13 of its levels.
You also visited: Ossuary, Bailey and Ice Cave.

You collected 2078 gold pieces.
You spent 138 gold pieces at shops.

Inventory:

Hand Weapons
 a - a +4 falchion of freezing
 s - a +0 short sword of speed
 x - a +0 great sword
 y - the +1 flail "Evozeob" {drain, rC+ rCorr}
   (You found it on level 11 of the Dungeon)

   rC:        It protects you from cold.
   rCorr:     It protects you from acid and corrosion.
 L - a +1 heavy long sword (weapon)
 S - a +3 long sword
Missiles
 b - a throwing net
 d - 7 boomerangs of dispersal
 h - 26 boomerangs
 m - 14 poisoned darts
 q - 8 atropa-tipped darts
Armour
 l - the +1 scale mail of the Game Afoot {rPois rF++}
   (You found it on level 10 of the Dungeon)

   rF:        It greatly protects you from fire.
   rPois:     It protects you from poison.
 w - a +0 pair of boots (worn)
 B - the +2 troll leather armour of Yvinyon {Regen+ Slay+2}
   (You found it on level 12 of the Dungeon)

   Slay:      It affects your accuracy & damage with ranged weapons and melee
   (+2).
   Regen:     It increases your rate of health regeneration.
 D - a scarf of shadows (worn)
 G - a +0 helmet of see invisible (worn)
 P - the +15 Maxwell's patent armour (worn) {-Cast -Tele rElec Will+ rCorr}
   (You took it off a kobold in a bailey)

   rElec:     It insulates you from electricity.
   -Cast:     It prevents spellcasting.
   -Tele:     It prevents most forms of teleportation.
   rCorr:     It protects you from acid and corrosion.
   Will:      It increases your willpower.
 V - +0 steam dragon scales
 Y - a +1 pair of gloves (worn)
Jewellery
 u - an amulet of reflection (around neck)
 v - a ring of protection from cold (left hand)
 F - a ring of positive energy (right hand)
 X - a ring of protection from fire
Wands
 C - a wand of iceblast (15)
 R - a wand of digging (2)
Scrolls
 c - 3 scrolls of blinking
 i - 4 scrolls of poison
 t - 3 scrolls of vulnerability
 z - 3 scrolls of enchant weapon
 E - 2 scrolls of silence
 H - a scroll of torment
 K - 2 scrolls of noise
 M - 5 scrolls of teleportation
 N - 6 scrolls of amnesia
 T - a scroll of fear {unknown}
 W - 3 scrolls of fog
Potions
 e - 8 potions of brilliance
 f - 6 potions of resistance
 g - 3 potions of haste
 j - a potion of ambrosia {unknown}
 k - 5 potions of heal wounds {unknown}
 n - 7 potions of flight
 o - 5 potions of might {unknown}
 p - 7 potions of curing
 A - 4 potions of lignification {unknown}
 I - 2 potions of cancellation {unknown}
 J - 2 potions of magic {unknown}
 O - a potion of berserk rage
 U - a potion of degeneration {unknown}
 Z - 2 potions of mutation {unknown}
Miscellaneous
 Q - a lightning rod (4/4)


   Skills:
 + Level 10.0 Fighting
 - Level 12.3 Long Blades
 - Level 0.8 Throwing
 - Level 8.0 Armour
 - Level 2.2 Dodging
 - Level 1.0 Shields
 - Level 7.1 Spellcasting
 - Level 3.0 Translocations


You had 8 spell levels left.
You knew the following spells:

 Your Spells              Type           Power      Damage    Failure   Level
a - Blink                 Tloc           24%        N/A       97%         2
b - Vhi's Electric Charg  Tloc/Air       16%        N/A       100%        3
c - Confusing Touch       Hex            4%         N/A       100%        3
d - Yara's Violent Unrav  Hex/Tmut       2%         3d3       100%        5
e - Manifold Assault      Tloc           12%        N/A       100%        4

Your spell library contained the following spells:

 Spells                   Type           Power      Damage    Failure   Level
 Lesser Beckoning         Tloc           24%        N/A       97%         2
 Teleport Other           Tloc           12%        N/A       99%         3
 Magic Dart               Conj           16%        1d3       100%        1
 Slow                     Hex            16%        N/A       100%        1
 Sting                    Tmut/Pois      16%        1d3       100%        1
 Call Imp                 Summ           4%         N/A       100%        2
 Ensorcelled Hibernation  Hex/Ice        8%         N/A       100%        2
 Poisonous Vapours        Pois/Air       8%         N/A       100%        2
 Mephitic Cloud           Conj/Pois/Air  4%         N/A       100%        3
 Portal Projectile        Hex/Tloc       16%        N/A       100%        3
 Spider Form              Tmut/Pois      4%         N/A       100%        3
 Stone Arrow              Conj/Erth      8%         3d7       100%        3
 Tukima's Dance           Hex            4%         N/A       100%        3
 Vampiric Draining        Necr           4%         2d6       100%        3
 Anguish                  Hex/Necr       2%         N/A       100%        4
 Animate Armour           Summ/Erth      8%         N/A       100%        4
 Olgreb's Toxic Radiance  Pois           4%         N/A       100%        4
 Alistair's Intoxication  Tmut/Pois      2%         N/A       100%        5
 Blade Hands              Tmut           2%         N/A       100%        5
 Borgnjor's Vile Clutch   Necr/Erth      2%         N/A       100%        5
 Eringya's Noxious Bog    Tmut/Pois      2%         N/A       100%        6
 Enfeeble                 Hex            2%         N/A       100%        7
 Lehudib's Crystal Spear  Conj/Erth      2%         10d2      100%        8


Dungeon Overview and Level Annotations

Branches:
Dungeon (13/15)            Temple (0/1) D:4            Lair (0/5) D:11
    Orc (0/2) D:9         Ossuary (visited)          Bailey (visited)
  IceCv (1/1)
 Vaults: D:13-14

Altars:
Ashenzari
Elyvilon
Makhleb
Nemelex Xobeh
Qazlal
Sif Muna
Trog
Wu Jian
Xom
Zin

Shops:
D:5 [   D:6 [

Portals:
Trove: D:12 (give +3 fire dragon scales)

Annotations:
D:10 3 runed translucent doors, MCDelver's ghost, journeyman OpFE IceCv exclusion: ice statue


Innate Abilities, Weirdness & Mutations

You have razor-sharp teeth.
Your natural rate of healing is unusually fast.
When hurt, damage is shared between your health and your magic reserves.
Your bite disrupts and absorbs the magic of your enemies.
Potions cannot restore your health.


Message History

The quicksilver ooze hits you!
The quicksilver ooze hits you but does no damage.
The quicksilver ooze hits you.
The quicksilver ooze completely misses you.
You slash the quicksilver ooze! Your bite misses the quicksilver ooze.
The quicksilver ooze is moderately wounded.
Your lungs strain for air!
The quicksilver ooze hits you.
The quicksilver ooze hits you but does no damage.
The quicksilver ooze hits you.
The quicksilver ooze hits you but does no damage.
You closely miss the quicksilver ooze.
The quicksilver ooze is moderately wounded.
Your lungs strain for air!
The quicksilver ooze hits you.
You block the quicksilver ooze's attack.
The slime creature simulacrum hits you!
* * * LOW HITPOINT WARNING * * *
The slime creature simulacrum freezes you.
You resist.
* * * LOW HITPOINT WARNING * * *
The quicksilver ooze hits you.
The quicksilver ooze hits you but does no damage.
You cannot read scrolls while unable to breathe!
Unknown command.
Okay, then.
The quicksilver ooze attacks as you move away!
The quicksilver ooze hits you!
* * * LOW HITPOINT WARNING * * *
The quicksilver ooze hits you.
* * * LOW HITPOINT WARNING * * *
You slip free of the ooze engulfing you.
You gasp with relief as air once again reaches your lungs.
Okay, then.
Okay, then.
You feel yourself speed up. The quicksilver ooze hits you.
The quicksilver ooze engulfs you!
The quicksilver ooze completely misses you.
The quicksilver ooze hits you!
You die...

####.........####
###.....#####.....###
##....#### ###.....#
####...### ####....#
##.....## ###...
##.....## ###### #..
#....### ###....#### #.
#.....## ###.Z.......#
8
#......###..@J.###....#
##...........###
###....# ###.........#
#.... ########### ....
Z.# ##


You could see a quicksilver ooze and a slime creature simulacrum.

Vanquished Creatures
  An ice dragon (D:13)
  A boulder beetle (D:12)
  3 two-headed ogres
  A deep elf pyromancer (D:12)
  2 ugly things (D:12)
  A cyclops (D:12)
  Joseph (D:7)
  A gargoyle (D:9)
  A rime drake (D:13)
  A komodo dragon (D:11)
  4 trolls
  A polar bear (D:13)
  A water elemental (D:12)
  13 slime creatures
  A shadow (D:11)
  16 yaks
  2 steam dragons
  10 vampire mosquitoes
  A water moccasin (D:8)
  9 orc warriors
  2 sky beasts (D:7)
  2 black bears
  An ogre (D:5)
  3 wolves (D:13)
  7 centaurs
  A phantom (D:5)
  A slime creature simulacrum (IceCv)
  An elf zombie (Ossuary)
  2 bullfrogs
  4 necrophages
  2 scorpions
  13 wights
  23 killer bees
  2 howler monkeys
  5 electric eels (D:12)
  2 hounds
  7 orc priests
  2 jellies (D:5)
  5 iguanas
  16 orc wizards
  A hound zombie (Ossuary)
  4 mummies (Ossuary)
  12 gnolls
  8 adders
  2 ufetubi (D:5)
  2 adder zombies (Ossuary)
  A worm (D:3)
  2 dart slugs
  44 orcs
  9 ball pythons
  6 bats
  4 endoplasms
  5 giant cockroaches
  2 gnoll zombies (Ossuary)
  13 goblins
  6 hobgoblins
  4 quokkas
  2 frilled lizards (D:1)
  2 goblin zombies (Ossuary)
  A hobgoblin zombie (Ossuary)
  2 jackal zombies (Ossuary)
  16 kobolds
  3 rats
  A rat zombie (Ossuary)
324 creatures vanquished.

Vanquished Creatures (collateral kills)
  Sonja (D:10)
1 creature vanquished.

Vanquished Creatures (others)
  3 plants (D:11)
3 creatures vanquished.

Grand Total: 328 creatures vanquished

Notes
Turn   | Place    | Note
-------+----------+-------------------------------------------
     0 | D:1      | Leeroy the Vine Stalker Warper began the quest for the Orb.
     0 | D:1      | Reached XP level 1. HP: 11/11 MP: 4/4
    55 | D:1      | Reached skill level 2 in Long Blades
   202 | D:1      | Reached XP level 2. HP: 14/15 MP: 4/6
   504 | D:1      | Reached skill level 3 in Long Blades
   510 | D:1      | Reached XP level 3. HP: 18/18 MP: 7/7
   992 | D:2      | Learned a level 2 spell: Blink
   996 | D:2      | Learned a level 3 spell: Vhi's Electric Charge
  1283 | D:2      | Gained mutation: Your natural rate of healing is unusually
                  | fast. [Vine Stalker growth]
  1283 | D:2      | Reached XP level 4. HP: 23/23 MP: 8/8
  1491 | D:3      | Found an ornate altar of the Wu Jian Council.
  1509 | D:3      | Noticed a spectral centipede
  1509 | D:3      | Noticed a spectral black mamba
  1509 | D:3      | Noticed a spectral cane toad
  1510 | D:3      | Became a worshipper of the Wu Jian Council
  1885 | D:3      | Found a broken altar of Ashenzari.
  1915 | D:3      | Learned a level 3 spell: Confusing Touch
  1999 | D:3      | Reached XP level 5. HP: 26/26 MP: 11/11
  2202 | D:3      | Reached * piety under Wu Jian
  2871 | D:4      | Found a staircase to the Ecumenical Temple.
  3174 | D:4      | Reached skill level 1 in Shields
  3289 | D:4      | Identified the +0 scale mail of Jigsaw {rF+ Regen+ Str-5}
  3379 | D:5      | Entered Level 5 of the Dungeon
  3465 | D:5      | Reached skill level 5 in Spellcasting
  3465 | D:5      | Reached XP level 6. HP: 28/30 MP: 10/14
  3678 | D:5      | Reached XP level 7. HP: 22/34 MP: 9/17
  4219 | D:5      | Found Oqipiteo's Armour Emporium.
  4227 | D:5      | Bought a +0 helmet of see invisible for 138 gold pieces
  4552 | D:6      | Reached ** piety under Wu Jian
  4556 | D:6      | Reached skill level 4 in Long Blades
  4571 | D:6      | Found Bujuumu's Armour Boutique.
  4846 | D:6      | Gained mutation: You have razor-sharp teeth. [Vine Stalker
                  | growth]
  4846 | D:6      | Reached XP level 8. HP: 38/38 MP: 16/19
  4996 | D:6      | Found a burning altar of Makhleb.
  5100 | D:6      | Reached skill level 5 in Long Blades
  5282 | D:6      | Reached skill level 6 in Long Blades
  5896 | D:7      | Found a sand-covered staircase.
  5901 | Ossuary  | Entered an ossuary
  5919 | Ossuary  | Reached skill level 7 in Long Blades
  6165 | D:7      | Reached XP level 9. HP: 40/42 MP: 18/20
  6167 | D:7      | Found a flagged portal.
  6170 | D:7      | Noticed Joseph
  6176 | D:7      | Reached skill level 8 in Long Blades
  6182 | Bailey   | Entered a bailey
  6282 | Bailey   | Learned a level 5 spell: Yara's Violent Unravelling
  6307 | Bailey   | Reached *** piety under Wu Jian
  6362 | Bailey   | Reached skill level 9 in Long Blades
  7005 | D:7      | Killed Joseph
  7006 | D:7      | Reached skill level 10 in Long Blades
  7386 | D:7      | Reached XP level 10. HP: 45/46 MP: 19/21
  7397 | D:7      | Reached skill level 11 in Long Blades
  8355 | D:8      | Reached **** piety under Wu Jian
  8482 | D:8      | Reached skill level 12 in Long Blades
  8499 | D:8      | Found a shimmering altar of Xom.
  8505 | D:8      | Found a stormy altar of Qazlal.
  8509 | D:8      | Found a glowing silver altar of Zin.
  8511 | D:8      | Found a bloodstained altar of Trog.
  8517 | D:8      | Reached skill level 1 in Armour
  8518 | D:8      | Found a white marble altar of Elyvilon.
  9132 | D:9      | Noticed a two-headed ogre
  9145 | D:9      | Killed a two-headed ogre
  9146 | D:9      | Reached skill level 5 in Armour
  9146 | D:9      | Reached XP level 11. HP: 44/50 MP: 18/22
  9273 | D:9      | Found a shimmering blue altar of Sif Muna.
  9457 | D:9      | Found a sparkling altar of Nemelex Xobeh.
  9701 | D:9      | Found a staircase to the Orcish Mines.
  9718 | D:10     | Entered Level 10 of the Dungeon
  9746 | D:10     | Identified the +1 scale mail of the Game Afoot {rPois rF++}
  9863 | D:10     | Found a runed translucent gate.
  9863 | D:10     | Found a runed translucent gate.
  9863 | D:10     | Found a runed translucent gate.
  9867 | D:10     | Noticed MCDelver's ghost (journeyman OpFE)
 10001 | D:10     | Reached ***** piety under Wu Jian
 10417 | D:10     | Noticed Sonja
 10420 | D:10     | Killed Sonja
 10510 | D:11     | Identified the +1 flail "Evozeob" {drain, rC+ rCorr}
 11071 | D:11     | Found a staircase to the Lair.
 11238 | D:12     | Noticed a deep elf pyromancer
 11249 | D:12     | Killed a deep elf pyromancer
 11250 | D:12     | Reached skill level 5 in Fighting
 11337 | D:12     | Noticed a white ugly thing
 11364 | D:12     | Killed a white ugly thing
 11427 | D:12     | Reached XP level 12. HP: 61/61 MP: 23/23
 11558 | D:12     | Identified the +2 troll leather armour of Yvinyon {Regen+
                  | Slay+2}
 11605 | D:12     | Noticed a two-headed ogre
 11619 | D:12     | Killed a two-headed ogre
 11891 | D:12     | Found a portal to a secret trove of treasure.
 11926 | D:12     | Noticed a boulder beetle
 11939 | D:12     | Killed a boulder beetle
 12082 | D:13     | Noticed a boulder beetle
 12137 | D:13     | Noticed an ice dragon
 12152 | D:13     | Killed an ice dragon
 12154 | D:13     | Noticed a two-headed ogre
 12161 | D:13     | Killed a two-headed ogre
 12177 | D:13     | Found a frozen archway.
 12217 | IceCv    | Entered an ice cave
 12397 | IceCv    | Learned a level 4 spell: Manifold Assault
 12546 | IceCv    | Reached skill level 10 in Fighting
 12590 | IceCv    | Noticed a quicksilver ooze
 12602 | IceCv    | HP: 2/67 [quicksilver ooze (13)]
 12603 | IceCv    | Slain by a quicksilver ooze

Illustrated notes

Levels and vault maps discovered:
D:1:      mrwooster_arrival_statue_2, layout_loops_ring, minmay_tall_x
D:2:      layout_basic
D:3:      layout_loops_corners, amcnicky_altar_gilded,
          pdpol_wu_jian_five_deadly_venoms, minmay_joined_circles
D:4:      nicolae_cairo_tiling, layout_loops_ring,
          minmay_temple_entry_antechambers
D:5:      layout_basic, serial_shops, nicolae_shop_statue_plus,
          chequers_serial_rivers_micro_d
D:6:      layout_loops_corners, pf_just_have_faith, nicolae_stop_n_shop_2,
          chequers_jeans, nicolae_concentric_dashed_squares_wild
D:7:      layout_loops_corners, enter_bailey_5, enter_ossuary_5, uniq_joseph
D:8:      layout_loops_corners, nicolae_overflow_hallway_of_the_gods,
          hangedman_decor_lopped
D:9:      layout_roguey, lemuel_blue_sif_altar, nicolae_overflow_crystal_walls
D:10:     layout_basic, gammafunk_ghost_ooze, uniq_sonja
D:11:     layout_basic, david_lair_shrubbed
D:12:     layout_basic, enter_trove_6
D:13:     layout_long_grid, portal_ice_cave_entry_animals_and_master,
          vehumet_statue, uniq_jorgrun
IceCv:    ice_cave_hellmonk_azure_passage

Skill      XL: |  1  2  3  4  5  6  7  8  9 10 11 12 |
---------------+-------------------------------------+-----
Long Blades    | 2 3 4 7 10 12 | 12.3
Dodging        | 2 |  2.2
Spellcasting   | 3 5 6 7 |  7.1
Shields        | 1 |  1.0
Armour         | 5 8 |  8.0
Fighting       | 6 10 | 10.0
Throwing       | |  0.8
Translocations | |  3.0

Action                     |  1- 3 |  4- 6 |  7- 9 | 10-12 || total
---------------------------+-------+-------+-------+-------++-------
  Melee: Falchion          |    85 |       |       |   205 ||   290
         Bite              |    26 |   108 |   251 |   207 ||   592
         Punch             |     1 |     4 |    11 |    11 ||    27
         Short sword       |    42 |   301 |   667 |     5 ||  1015
         Long sword        |       |       |    63 |   378 ||   441
Ability: Lunge             |       |     9 |    22 |    21 ||    52
         Whirlwind         |       |       |    19 |    15 ||    34
  Evoke: Box of beasts     |       |       |       |     1 ||     1
    Use: Scroll            |       |       |     3 |    13 ||    16
         Potion            |       |       |     2 |     3 ||     5
   Stab: Sleeping          |       |     2 |       |       ||     2
 Armour: Leather armour    |    78 |    44 |       |       ||   122
         Scale mail        |       |    17 |   142 |       ||   159
         Plate armour      |       |       |    59 |   506 ||   565
  Dodge: Dodged            |    88 |    95 |   143 |   158 ||   484
  Block: Other             |       |    18 |   101 |   151 ||   270
         Reflection        |       |       |     7 |       ||     7

Table legend: (Time is in decaauts)
 A = Elapsed time spent in this place.
 B = Non-inter-level travel time spent in this place.
 C = Inter-level travel time spent in this place.
 D = Time resting spent in this place.
 E = Time spent auto-exploring this place.
 F = Levels seen in this place.
 G = Mean time per level.
                   A        B        C        D        E       F      G
               +--------+--------+--------+--------+--------+-----+--------+
         Total |  12247 |  11891 |    356 |    413 |   8595 |  16 |  765.4 |
       Dungeon |  10844 |  10488 |    356 |     59 |   8138 |  13 |  834.2 |
       Ossuary |    174 |    174 |      0 |      0 |     73 |   1 |  174.0 |
        Bailey |    833 |    833 |      0 |    127 |    334 |   1 |  833.0 |
      Ice Cave |    394 |    394 |      0 |    227 |     50 |   1 |  394.0 |
               +--------+--------+--------+--------+--------+-----+--------+

Top non-repeatable levels by time:
     D:6: 1278 daAuts
     D:3: 1123 daAuts
     D:7: 1075 daAuts
     D:5: 1034 daAuts
    D:12: 941 daAuts
     D:8: 870 daAuts
  Bailey: 833 daAuts
    D:10: 801 daAuts
     D:1: 783 daAuts
     D:4: 743 daAuts
     D:9: 711 daAuts
    D:11: 700 daAuts
     D:2: 660 daAuts
   IceCv: 394 daAuts
 Ossuary: 174 daAuts
